 Dungeon Crawl Stone Soup version 0.25-a0-591-g2ad0d861f1 (webtiles) character file.

Game seed: 3609791238238418551, levelgen mode: deterministic

28 n0claF the Shooter (level 3, -1/30 HPs)
             Began as a Centaur Hunter on Mar 13, 2020.
             Slain by Crazy Yiuf
             ... wielding a +3 quarterstaff of chaos
              (3 damage)
             ... on level 2 of the Dungeon.
             The game lasted 00:02:32 (1089 turns).

n0claF the Shooter (Centaur Hunter)                 Turns: 1089, Time: 00:02:33

Health: -1/30      AC:  4    Str: 14    XL:     3   Next: 0%
Magic:  3/3        EV:  9    Int: 10    God:
Gold:   79         SH:  0    Dex: 10    Spells: 2/2 levels left

rFire    . . .     SeeInvis .   a - +1 shortbow
rCold    . . .     Gourm    .   (shield currently unavailable)
rNeg     . . .     Faith    .   c - +0 leather armour
rPois    .         Spirit   .   (no helmet)
rElec    .         Reflect  .   (no cloak)
rCorr    .         Harm     .   (no gloves)
MR       .....                  (no barding)
Stlth    +.........             (no amulet)
HPRegen  0.10/turn              (no ring)
MPRegen  0.08/turn              (no ring)

@: brilliant, lethally poisoned (-1 -> -15), slowed
A: large, hooves 3, deformed body, speed 2, tough skin 3
a: no special abilities


You were on level 2 of the Dungeon.
You were not hungry.

You visited 1 branch of the dungeon, and saw 2 of its levels.

You collected 79 gold pieces.

Inventory:

Hand Weapons
 a - a +1 shortbow (weapon)
 b - a +0 short sword
Missiles
 d - 40 arrows (quivered)
 g - 30 bolts
 k - 71 stones
Armour
 c - a +0 leather armour (worn)
Scrolls
 f - 3 scrolls of identify {unknown}
 l - a scroll of fog {unknown}
Potions
 i - a potion of stabbing {unknown}
 m - a potion of curing {unknown}
 n - a potion of lignification {unknown}
Comestibles
 e - a ration {!d}
 j - 5 chunks of flesh


   Skills:
 + Level 2.4 Fighting
 * Level 6.0 Bows
 + Level 1.7 Dodging
 - Level 0.4 Stealth


You had 2 spell levels left.
You didn't know any spells.
Your spell library was empty.

Dungeon Overview and Level Annotations

Branches:
Dungeon (2/15)

Altars:

Annotations:
D:2 Crazy Yiuf


Innate Abilities, Weirdness & Mutations

You have hooves in place of feet.
Armour fits poorly on your strangely shaped body.
You cover ground very quickly.
You have extremely tough skin. (AC +3)


Message History

Crazy Yiuf screams, "Nubble!
Citrus horse chair."
You see here a leather armour.
Firing (i - inventory. (/) - cycle)
d - 48 arrows (quivered)
Aim: Crazy Yiuf, wielding a +3 quarterstaff of chaos and wearing a +0 cloak You shoot an arrow.
The arrow hits Crazy Yiuf.
Crazy Yiuf laughs, "Candle!
Gum stair high."
Firing (i - inventory. (/) - cycle)
d - 47 arrows (quivered)
Aim: Crazy Yiuf, wielding a +3 quarterstaff of chaos and wearing a +0 cloak (lightly wounded)
You shoot an arrow.
The arrow hits Crazy Yiuf but does no damage.
Firing (i - inventory. (/) - cycle)
d - 46 arrows (quivered)
Aim: Crazy Yiuf, wielding a +3 quarterstaff of chaos and wearing a +0 cloak (lightly wounded)
You shoot an arrow. The arrow hits Crazy Yiuf.
Firing (i - inventory. (/) - cycle)
d - 45 arrows (quivered)
Aim: Crazy Yiuf, wielding a +3 quarterstaff of chaos and wearing a +0 cloak (moderately wounded)
You shoot an arrow. The arrow hits Crazy Yiuf!
Crazy Yiuf hits you with a +3 quarterstaff of chaos!
You are poisoned.
Firing (i - inventory. (/) - cycle)
d - 44 arrows (quivered)
Aim: Crazy Yiuf, wielding a +3 quarterstaff of chaos and wearing a +0 cloak (severely wounded)
You shoot an arrow. The arrow completely misses Crazy Yiuf.
You feel sick.
Crazy Yiuf says, "Action!"
Crazy Yiuf completely misses you.
Firing (i - inventory. (/) - cycle)
d - 43 arrows (quivered)
Aim: Crazy Yiuf, wielding a +3 quarterstaff of chaos and wearing a +0 cloak (severely wounded)
You shoot an arrow. The arrow closely misses Crazy Yiuf.
You feel sick.
Crazy Yiuf screams, "Key King pizzabubble!"
Crazy Yiuf hits you with a +3 quarterstaff of chaos.
You are lethally poisoned!
Firing (i - inventory. (/) - cycle)
d - 42 arrows (quivered)
Aim: Crazy Yiuf, wielding a +3 quarterstaff of chaos and wearing a +0 cloak (severely wounded)
You shoot an arrow. The arrow barely misses Crazy Yiuf.
* * * LOW HITPOINT WARNING * * *
You feel sick.
Firing (i - inventory. (/) - cycle)
d - 41 arrows (quivered)
Aim: Crazy Yiuf, wielding a +3 quarterstaff of chaos and wearing a +0 cloak (severely wounded)
You shoot an arrow. The arrow hits Crazy Yiuf.
* * * LOW HITPOINT WARNING * * *
You feel sick.
Crazy Yiuf cries, "Buddy leg rumpyflump!"
Crazy Yiuf hits you with a +3 quarterstaff of chaos!
* * * LOW HITPOINT WARNING * * *
You feel yourself slow down.
Unknown command.
It was a potion of brilliance.
You feel clever all of a sudden.
* * * LOW HITPOINT WARNING * * *
You feel sick.
Crazy Yiuf hits you with a +3 quarterstaff of chaos.
You die...

##### #####...##
#.[..(...##
######.####....#
##...(.(# #....#
##.....(.#
♣....♣
##.....g..#
♣♣...♣
....(..@..#
♣♣(♣♣
##........# ♣♣.♣
#....>.<.# ♣.♣♣
..........# ♣♣g♣
#.........# ♣.♣♣
##........# #'#
..........# ...
..........#
#...# ......#..#
#)..#


You could see Crazy Yiuf.

Vanquished Creatures
  2 dart slugs (D:1)
  A leopard gecko (D:1)
  A giant cockroach (D:1)
  5 hobgoblins (D:1)
  3 kobolds (D:1)
  5 bats (D:1)
  A frilled lizard (D:1)
  A goblin (D:1)
  A rat (D:1)
20 creatures vanquished.

Notes
Turn   | Place    | Note
-------+----------+-------------------------------------------
     0 | D:1      | n0claF the Centaur Hunter began the quest for the Orb.
     0 | D:1      | Reached XP level 1. HP: 17/17 MP: 1/1
   201 | D:1      | Reached XP level 2. HP: 24/24 MP: 2/2
   809 | D:1      | Reached skill level 6 in Bows
   891 | D:1      | Reached XP level 3. HP: 30/30 MP: 3/3
  1055 | D:2      | Found a runed translucent door.
  1056 | D:2      | Noticed Crazy Yiuf
  1089 | D:2      | Slain by Crazy Yiuf

Levels and vault maps discovered:
D:1:      moated_graveyard_arrival, layout_basic, serial_bayou,
          serial_bayou_lake_a, serial_bayou_pond_c, serial_bayou_shore_b,
          serial_bayou_pond_b, serial_bayou_crossing
D:2:      layout_rooms, lemuel_coloured_pillars_altar,
          chequers_ecumenical_altar_grove, minmay_split_cup_large,
          uniq_crazy_yiuf_cottage

Skill      XL: |  1  2 |
---------------+-------+-----
Bows           | 6 |  6.0
Fighting       | |  2.4
Dodging        | |  1.7
Stealth        | |  0.4

Action                   || total
-------------------------++-------
Melee: Short sword       ||    28
       Kick              ||     5
 Fire: Shortbow          ||    53
  Use: Potion            ||     1
Armor: Leather armour    ||    20
Dodge: Dodged            ||    23

Table legend:
 A = Non-vault XP
 B = Vault XP
 C = Vault XP percentage of total XP
 D = Non-vault monster count
 E = Vault monster count
 F = Vault count percentage of total count
                 A         B        C        D         E       F
            +---------+---------+-------+---------+---------+-------
      Total |      32 |       9 |  22.0 |      17 |       3 |  15.0
            +---------+---------+-------+---------+---------+-------
        D:1 |      32 |       9 |  22.0 |      17 |       3 |  15.0
            +---------+---------+-------+---------+---------+-------
